 Dungeon Sprint DCSS version 0.26-a0-1107-g6118521029 (webtiles) character file.

Game seed: 12265827173647846815

11547 mhtbhm the Bludgeoner (level 12, -1/103 HPs)
             Began as a Human Fighter on Dec 16, 2020.
             Was the Champion of Okawaru.
             Killed by divine providence
             ... invoked by an orc high priest
              (11 damage)
             ... in the Dungeon (Sprint IX: "|||||||||||||||||||||||||||||").
             The game lasted 00:05:10 (2708 turns).

mhtbhm the Bludgeoner (Human Fighter)               Turns: 2708, Time: 00:05:11

Health: -1/103     AC: 23    Str: 21    XL:     12   Next: 9%
Magic:  11/12      EV: 17    Int: 11    God:    Okawaru [******]
Gold:   1270       SH: 15    Dex: 17    Spells: 11/11 levels left

rFire    . . .     SeeInvis .   a - +2 morningstar (protect)
rCold    . . .     Faith    .   c - +0 kite shield
rNeg     . . .     Spirit   .   b - +1 chain mail {rPois}
rPois    +         Reflect  .   (no helmet)
rElec    .         Harm     .   (no cloak)
rCorr    .         Rampage  .   o - +0 pair of gloves
Will     .....     NoTele   +   (no boots)
Stlth    ++........             (no amulet)
HPRegen  0.27/turn              p - +3 ring of intelligence
MPRegen  0.13/turn              q - +3 ring of dexterity

@: heroism, protection aura, hasted, very quick
A: no striking features
a: Heroism, Finesse, Renounce Religion


You were in the Dungeon.
You worshipped Okawaru.
Okawaru was exalted by your worship.
You visited 1 branch You collected 1270 gold pieces.

Inventory:

Hand Weapons
 a - a +2 morningstar of protection (weapon)
Missiles
 s - 3 curare-tipped darts (quivered)
Armour
 b - a +1 chain mail of poison resistance (worn)
 c - a +0 kite shield (worn)
 o - a +0 pair of gloves (worn)
Jewellery
 p - a +3 ring of intelligence (left hand)
 q - a +3 ring of dexterity (right hand)
Scrolls
 j - 4 scrolls of blinking
 l - 5 scrolls of remove curse
 m - 2 scrolls of amnesia
 r - a scroll of identify
Potions
 d - 2 potions of might
 e - 5 potions of curing
 f - 3 potions of heal wounds
 g - 4 potions of haste
 h - 4 potions of magic
 k - a potion of invisibility
 t - a potion of mutation {unknown}


   Skills:
 + Level 12.7(17.7) Fighting
 + Level 16.8(21.8) Maces & Flails
 + Level 11.3(16.3) Armour
 + Level 8.5(13.5) Dodging
 + Level 5.3(10.3) Stealth
 + Level 12.5(17.5) Shields
 + Level 1.0 Invocations
 + Level 4.0 Evocations


You had 11 spell levels left.
You didn't know any spells.
Your spell library was empty.

Dungeon Overview and Level Annotations

Branches:
Dungeon (1/1)

Altars:
Cheibriados
Dithmenos
Elyvilon
Fedhas
Gozag
Hepliaklqana
Kikubaaqudgha
Makhleb
Nemelex Xobeh
Okawaru
Qazlal
Ru
Sif Muna
Trog
Uskayaw
Vehumet
Wu Jian
Xom
Yredelemnul
Zin
The Shining One
Beogh
Jiyva
Lugonu

Shops:
D (


Message History

There is an open door to Orc:2, spattered with blood here.
Items here: ))) [[ ††.
Your chain mail prevents you from hitting the orc priest.
The orc high priest utters an invocation to Beogh.
The soul eater draws from the surrounding life force!
You sock the orc priest!
You kill the orc priest!
Okawaru accepts your kill.
Unknown command.
Okay, then.
You feel yourself speed up.
The orc high priest mumbles some strange prayers to Beogh.
The orc priest invokes the aid of Beogh against you.
Beogh smites you!
* * * LOW HITPOINT WARNING * * *
The soul eater draws from the surrounding life force!
* * * LOW HITPOINT WARNING * * *
The orc high priest calls down the wrath of Beogh upon you.
Beogh smites you!
You die...

▓▓▓▓▓▓▓▓▓▓▓▓▓▓▓▓▓▓▓▓▓▓▓▓▓▓▓
.oo$3$o)4.@..))))))))......
▓▓▓▓▓▓▓▓▓▓▓▓▓▓▓▓▓▓▓▓▓▓▓▓▓▓▓▓▓▓▓▓▓
.....................))..........
▓▓▓▓▓▓▓▓▓▓▓▓▓▓▓▓▓▓▓▓▓▓▓▓▓▓▓▓▓▓▓▓▓
..)!....†...'..÷......'........÷'
▓▓▓▓▓▓▓▓▓▓▓▓▓▓▓▓▓▓▓▓▓▓▓▓▓▓▓▓▓▓▓▓▓
.................................
▓▓▓▓▓▓▓▓▓▓▓▓▓▓▓▓▓▓▓▓▓▓▓▓▓▓▓▓▓▓▓▓▓
(.)..[[..)..'____________________


You could see a soul eater (summoned), an orc high priest and a rust devil
(summoned).

Vanquished Creatures
  A hydra (D)
  2 centaur warriors (D)
  4 orc high priests (D)
  2 orc knights (D)
  A black mamba (D)
  3 cane toads (D)
  A rime drake (D)
  A komodo dragon (D)
  6 blink frogs (D)
  A tyrant leech (D)
  A vampire (D)
  2 yaks (D)
  Grum (D)
  2 basilisks (D)
  5 water moccasins (D)
  An ice beast (D)
  A black bear (D)
  10 orc warriors (D)
  A sky beast (D)
  4 wolves (D)
  A centaur (D)
  A bullfrog (D)
  A scorpion (D)
  2 hounds (D)
  9 orc priests (D)
  An orc wizard (D)
  A worker ant (D)
  An adder zombie (D)
  2 leopard geckos (D)
  5 orcs (D)
  A giant cockroach (D)
  A jackal (D)
  A quokka (D)
  A ball python zombie (D)
  2 bats (D)
  A leopard gecko skeleton (D)
  A rat (D)
82 creatures vanquished.

Notes
Turn   | Place    | Note
-------+----------+-------------------------------------------
     0 | D        | mhtbhm the Human Fighter began the quest for the Orb.
     0 | D        | Reached XP level 1. HP: 18/18 MP: 1/1
    65 | D        | Noticed a hound
    65 | D        | Noticed a scorpion
    69 | D        | Killed a scorpion
    70 | D        | Reached skill level 5 in Fighting
    70 | D        | Reached skill level 3 in Maces & Flails
    70 | D        | Reached XP level 2. HP: 27/27 MP: 2/2
    70 | D        | Reached XP level 3. HP: 33/33 MP: 3/3
    70 | D        | Reached XP level 4. HP: 39/39 MP: 4/4
    81 | D        | Reached skill level 5 in Armour
    81 | D        | Reached skill level 5 in Shields
    99 | D        | Found a roughly hewn altar of Beogh.
    99 | D        | Found a snail-covered altar of Cheibriados.
    99 | D        | Found a shadowy altar of Dithmenos.
    99 | D        | Found a white marble altar of Elyvilon.
    99 | D        | Found a blossoming altar of Fedhas.
    99 | D        | Found an opulent altar of Gozag.
   100 | D        | Found a hazy altar of Hepliaklqana.
   101 | D        | Found a viscous altar of Jiyva.
   102 | D        | Found an ancient bone altar of Kikubaaqudgha.
   103 | D        | Found a corrupted altar of Lugonu.
   104 | D        | Found a burning altar of Makhleb.
   105 | D        | Found a sparkling altar of Nemelex Xobeh.
   106 | D        | Found an iron altar of Okawaru.
   107 | D        | Found a stormy altar of Qazlal.
   108 | D        | Found a sacrificial altar of Ru.
   109 | D        | Found a shimmering blue altar of Sif Muna.
   110 | D        | Found a bloodstained altar of Trog.
   111 | D        | Found a hide-covered altar of Uskayaw.
   112 | D        | Found a radiant altar of Vehumet.
   113 | D        | Found an ornate altar of the Wu Jian Council.
   114 | D        | Became a worshipper of Warmaster Okawaru
   115 | D        | Found a shimmering altar of Xom.
   116 | D        | Found a basalt altar of Yredelemnul.
   117 | D        | Found a glowing silver altar of Zin.
   118 | D        | Found a glowing golden altar of the Shining One.
   186 | D        | Noticed a centaur
   186 | D        | Noticed a sky beast
   191 | D        | Killed a sky beast
   191 | D        | Reached * piety under Okawaru
   192 | D        | Reached skill level 5 in Maces & Flails
   192 | D        | Reached skill level 1 in Dodging
   192 | D        | Reached XP level 5. HP: 46/46 MP: 5/5
   195 | D        | Reached XP level 6. HP: 50/53 MP: 6/6
   198 | D        | Reached skill level 6 in Maces & Flails
   202 | D        | Reached skill level 7 in Maces & Flails
   310 | D        | Noticed a vampire
   310 | D        | Noticed a centaur warrior
   310 | D        | Noticed an ice beast
   310 | D        | Noticed a centaur warrior
   325 | D        | Killed an ice beast
   326 | D        | Reached skill level 8 in Maces & Flails
   326 | D        | Reached XP level 7. HP: 47/60 MP: 7/7
   328 | D        | Killed a centaur warrior
   328 | D        | Reached ** piety under Okawaru
   329 | D        | Reached skill level 10 in Maces & Flails
   329 | D        | Reached skill level 1 in Evocations
   329 | D        | Reached XP level 8. HP: 54/68 MP: 8/8
   335 | D        | Killed a centaur warrior
   336 | D        | Reached skill level 12 in Maces & Flails
   336 | D        | Reached skill level 5 in Dodging
   336 | D        | Reached skill level 1 in Stealth
   336 | D        | Reached XP level 9. HP: 59/75 MP: 9/9
   569 | D        | Noticed a cane toad
   569 | D        | Noticed a rime drake
   569 | D        | Noticed a komodo dragon
   576 | D        | Killed a komodo dragon
   576 | D        | Reached *** piety under Okawaru
   585 | D        | Reached skill level 13 in Maces & Flails
   590 | D        | Killed a rime drake
   591 | D        | Reached skill level 10 in Shields
   596 | D        | Killed a cane toad
   596 | D        | Reached **** piety under Okawaru
   597 | D        | Reached XP level 10. HP: 63/85 MP: 10/10
   776 | D        | Reached skill level 10 in Fighting
   975 | D        | Noticed a cane toad
   975 | D        | Noticed an eight-headed hydra
   985 | D        | Noticed a black mamba
   991 | D        | Killed an eight-headed hydra
   992 | D        | Reached skill level 14 in Maces & Flails
  1006 | D        | Reached ***** piety under Okawaru
  1243 | D        | Killed a cane toad
  1243 | D        | Received a gift from Okawaru
  1245 | D        | Killed a black mamba
  1617 | D        | Noticed a cane toad
  1627 | D        | Killed a cane toad
  1628 | D        | Reached skill level 15 in Maces & Flails
  1628 | D        | Reached XP level 11. HP: 73/93 MP: 11/11
  1668 | D        | Reached skill level 5 in Stealth
  2100 | D        | Noticed Grum
  2107 | D        | Reached skill level 10 in Armour
  2112 | D        | Killed Grum
  2115 | D        | Received a gift from Okawaru
  2390 | D        | Noticed an orc knight
  2420 | D        | Killed an orc knight
  2424 | D        | Noticed an orc high priest
  2425 | D        | Reached skill level 16 in Maces & Flails
  2426 | D        | Noticed an orc knight
  2445 | D        | Killed an orc high priest
  2452 | D        | Killed an orc knight
  2687 | D        | Found Gyvoedoc's Antique Weapon Boutique.
  2687 | D        | Noticed an orc high priest
  2687 | D        | Noticed an orc high priest
  2687 | D        | Noticed an orc high priest
  2688 | D        | Noticed an orc high priest
  2691 | D        | Killed an orc high priest
  2691 | D        | Reached ****** piety under Okawaru
  2692 | D        | Killed an orc high priest
  2693 | D        | Reached XP level 12. HP: 76/103 MP: 12/12
  2693 | D        | Noticed a soul eater
  2700 | D        | Noticed an orc high priest
  2701 | D        | Killed an orc high priest
  2702 | D        | Reached skill level 1 in Invocations
  2708 | D        | Killed from afar by an orc high priest

Illustrated notes

Levels and vault maps discovered:
D:        linesprint [early_d, line_temple, items_1, d_10, items_2, lair_1,
          lair_end, items_3, orc_1, orc_end, items_4, d_15, swamp_1, shoals_1,
          snake_1, spider_1, d_20, vaults_1, items_5, swamp_end, shoals_end,
          snake_end, spider_end, vaults_end, d_27, items_6, zot_1, zot_end,
          crypt_end, forest_end, elf_end, slime_end, tomb_end, abyss_end,
          pan_hell_end]

Skill      XL: |  1  2  3  4  5  6  7  8  9 10 11 12 |
---------------+-------------------------------------+-----
Fighting       | 5 6 7 8 9 11 12 | 12.7
Maces & Flails | 3 5 8 10 12 13 15 16 | 16.8
Armour         | 4 6 7 8 9 11 | 11.3
Shields        | 4 6 7 8 9 10 12 | 12.5
Dodging        | 1 3 4 5 6 7 8 |  8.5
Evocations     | 1 2 3 4 |  4.0
Stealth        | 1 4 5 |  5.3
Invocations    | 1 |  1.0

Action                   |  1- 3 |  4- 6 |  7- 9 | 10-12 || total
-------------------------+-------+-------+-------+-------++-------
Melee: Flail             |    21 |    23 |       |       ||    44
       Morningstar       |       |    25 |    34 |   259 ||   318
Invok: Heroism           |       |       |     1 |     1 ||     2
Evoke: Wand              |       |     2 |     3 |     5 ||    10
  Use: Potion            |       |     1 |       |     5 ||     6
       Scroll            |       |       |       |     1 ||     1
 Stab: Invisible         |       |       |       |     7 ||     7
Armor: Scale mail        |    15 |    18 |     8 |    45 ||    86
       Chain mail        |       |       |       |     7 ||     7
Dodge: Dodged            |     6 |    13 |     8 |    77 ||   104
Block: Kite shield       |    13 |    26 |    19 |   106 ||   164

Table legend: (Time is in decaauts)
 A = Elapsed time spent in this place.
 B = Non-inter-level travel time spent in this place.
 C = Inter-level travel time spent in this place.
 D = Time resting spent in this place.
 E = Time spent auto-exploring this place.
 F = Levels seen in this place.
 G = Mean time per level.
                   A        B        C        D        E       F      G
               +--------+--------+--------+--------+--------+-----+--------+
         Total |   2680 |   2680 |      0 |   1750 |    228 |   1 | 2680.0 |
       Dungeon |   2680 |   2680 |      0 |   1750 |    228 |   1 | 2680.0 |
               +--------+--------+--------+--------+--------+-----+--------+

Top non-repeatable levels by time:
       D: 2680 daAuts
